 Dungeon Crawl Stone Soup version 0.32-a0-868-g153ae1a8d6 (webtiles) character file.

Game seed: 13917206255885795400

141841 CowFu the Slayer (level 16, -10/303 HPs)
             Began as a Mountain Dwarf Fighter on Mar 27, 2024.
             Was the Champion of Jiyva.
             Mangled by a naga mage
             ... wielding a +0 spear
              (11 damage)
             ... on level 2 of the Snake Pit on Mar 28, 2024.
             The game lasted 00:48:53 (21274 turns).

CowFu the Slayer (Mountain Dwarf Fighter)          Turns: 21274, Time: 00:48:54

Health: -10/303    AC: 33    Str: 38    XL:     16   Next: 26%
Magic:  16/16      EV:  1    Int: 13    God:    Jiyva [******]
Gold:   1708       SH:  8    Dex:  9    Spells: 15/15 levels left

rFire   + + .        a - +1 morningstar
rCold   . . .        c - +1 buckler
rNeg    + . .        B - +11 shadow dragon scales "Naepsoow" {-Cast rN+ Dex+3 Stlth++++}
rPois   .            q - +0 hat
rElec   +            v - +0 cloak {Stlth+}
rCorr   +            (gloves unavailable)
SInv    +            (no boots)
Will    +....        n - amulet "Gopn" {-Tele rF++ Regen+ SInv Stlth+} Stlth
                     s - +6 ring of strength
HPRegen 3.10/turn    L - ring of the Octopus King {rCorr HP+2 AC+2 EV+2 SH+2}
MPRegen 0.95/turn

%: no teleportation, no spellcasting
@: berserking, lethally poisoned (-10 -> -16), slowed, constricted
A: runic magic, artefact enchanting, claws 3, clever 1, robust 2, electricity
resistance, strong 2, wild magic 2, translucent skin 1, tendrils, sturdy frame 1
}: 1/15 runes: slimy
a: Renounce Religion, Oozemancy, Slimify


You were on level 2 of the Snake Pit.
You worshipped Jiyva.
Jiyva was exalted by your worship.
You visited 4 branches of the dungeon, and saw 27 of its levels.
You visited the Abyss 2 times.
You also visited: Bailey and Gauntlet.

You collected 2060 gold pieces.
You spent 352 gold pieces at shops.

Inventory:

Hand Weapons
 a - a +1 morningstar (weapon)
 b - the +11 whip of Zin's Reproof {freeze, *Corrode rC+ rN+ Int+2}
   (You found it on level 3 of the Dungeon)

   Int+2:     It affects your intelligence (+2).
   rC+:       It protects you from cold.
   rN+:       It protects you from negative energy.
   *Corrode:  It may corrode you when you take damage.
 K - the +8 battleaxe of Adverse Possession {spect, *Noise +Blink Int+7 Dex+2}
   (You found it on level 5 of the Lair of Beasts)

   Int+7:     It affects your intelligence (+7).
   Dex+2:     It affects your dexterity (+2).
   +Blink:    It lets you blink.
   *Noise:    It may make a loud noise when swung.
 Q - the +12 war axe "Egelik" {protect, rN+++}
   (You found it on level 5 of the Pits of Slime)

   rN+++:     It renders you almost immune to negative energy.
Missiles
 w - a throwing net (quivered)
Armour
 c - a +1 buckler (worn)
 f - the +1 pair of gloves of Lugonu's Pride {Slay+5}
   (You found it on level 5 of the Lair of Beasts)

   Slay+5:    It affects your accuracy & damage with ranged weapons and melee
   (+5).
 q - a +0 hat (worn)
 u - the +7 plate armour of Erghyah {rF+ rC+ Str+3 Dex-5}
   (You found it on level 7 of the Dungeon)

   Str+3:     It affects your strength (+3).
   Dex-5:     It affects your dexterity (-5).
   rF+:       It protects you from fire.
   rC+:       It protects you from cold.
 v - a +0 cloak of stealth (worn)
 z - a +1 pair of gloves of dexterity
 B - the +11 shadow dragon scales "Naepsoow" (worn) {-Cast rN+ Dex+3 Stlth++++}
   (You found it in a bailey)

   Dex+3:     It affects your dexterity (+3).
   rN+:       It protects you from negative energy.
   -Cast:     It prevents spellcasting.
   Stlth++++: It makes you much more stealthy.
Jewellery
 n - the amulet "Gopn" (around neck) {-Tele rF++ Regen+ SInv Stlth+}
   (You found it on level 11 of the Dungeon)

   [amulet of regeneration]

   rF++:      It greatly protects you from fire.
   SInv:      It lets you see invisible.
   -Tele:     It prevents most forms of teleportation.
   Regen+:    It increases your rate of health regeneration.
   Stlth+:    It makes you more stealthy.
 s - a +6 ring of strength (left claw)
 t - a ring of magical power
 x - the amulet of Lucidity {Acrobat -Cast rF++ rC++}
   (You found it in a Gauntlet)

   [amulet of the acrobat]

   Acrobat:   It increases your evasion while moving and waiting.
   rF++:      It greatly protects you from fire.
   rC++:      It greatly protects you from cold.
   -Cast:     It prevents spellcasting.
 F - a ring of protection from fire
 L - a ring of the Octopus King (right claw) {rCorr HP+2 AC+2 EV+2 SH+2}
   (You found it on level 5 of the Lair of Beasts)

   [ring of resist corrosion]

   AC+2:      It affects your AC (+2).
   EV+2:      It affects your evasion (+2).
   HP+2:      It affects your health (+2).
   rCorr:     It protects you from acid and corrosion.
   SH+2:      It affects your SH (+2).
 T - a +6 ring of dexterity
Wands
 h - a wand of mindburst (17)
 k - a wand of roots (9)
 A - a wand of flame (12)
 H - a wand of charming (17)
 I - a wand of digging (5)
 V - a wand of acid (6)
Scrolls
 e - 2 scrolls of amnesia
 o - 5 scrolls of teleportation
 r - 3 scrolls of fog
 y - 2 scrolls of blinking
 C - a scroll of revelation
 D - 4 scrolls of immolation
 E - 2 scrolls of vulnerability
 J - 2 scrolls of noise
 M - a scroll of enchant weapon
 R - a scroll of fear
 S - 3 scrolls of enchant armour
 U - a scroll of identify
Potions
 g - 2 potions of cancellation
 i - 4 potions of haste
 j - 6 potions of curing
 l - 2 potions of ambrosia
 m - a potion of might
 p - 3 potions of magic
 G - 2 potions of berserk rage
 N - a potion of degeneration
 O - a potion of invisibility
 P - 2 potions of attraction
Miscellaneous
 d - a tin of tremorstones (2/2)


   Skills:
 + Level 21.3 Fighting
 - Level 16.0 Maces & Flails
 - Level 16.0 Armour
 - Level 10.0 Shields
 - Level 8.0 Evocations


You had 15 spell levels left.
You didn't know any spells.
Your spell library contained the following spells:

 Spells                   Type           Power      Damage    Failure   Level
 Magic Dart               Conj           0%         1d3       54%         1
 Necrotise                Necr           0%         1d4       54%         1
 Blink                    Tloc           0%         N/A       69%         2
 Call Imp                 Summ           0%         N/A       69%         2
 Cigotuvi's Dreadful Rot  Necr/Alch/Air  0%         N/A       69%         2
 Ensorcelled Hibernation  Hex/Ice        0%         N/A       69%         2
 Lesser Beckoning         Tloc           0%         N/A       69%         2
 Mercury Vapours          Alch/Air       0%         N/A       69%         2
 Searing Ray              Conj           0%         2d4       69%         2
 Sublimation of Blood     Necr           0%         N/A       69%         2
 Frozen Ramparts          Ice            0%         1d1       87%         3
 Ozocubu's Armour         Ice            0%         N/A       87%         3
 Sigil of Binding         Hex            0%         N/A       87%         3
 Summon Ice Beast         Ice/Summ       0%         N/A       87%         3
 Teleport Other           Tloc           0%         N/A       87%         3
 Tukima's Dance           Hex            0%         N/A       87%         3
 Fulminant Prism          Conj/Alch      0%         3d5       99%         4
 Iskenderun's Mystic Bla Conj/Tloc 0%             2d3        (+2d1     99%         4
 Maxwell's Portable Pile  Tloc           0%         2d(5-10)  99%         4
 Passage of Golubria      Tloc           0%         N/A       99%         4
 Petrify                  Alch/Erth      0%         N/A       99%         4
 Freezing Cloud           Conj/Ice/Air   0%         6-21      100%        5
 Irradiate                Conj/Alch      0%         3d11      100%        5
 Metabolic Englaciation   Hex/Ice        0%         N/A       100%        5
 Summon Forest            Summ/Tloc      0%         N/A       100%        5
 Yara's Violent Unravell  Hex/Alch       0%         3d3       100%        5
 Bombard                  Conj/Erth      0%         9d1       100%        6
 Death Channel            Necr           0%         N/A       100%        6
 Dispersal                Tloc           0%         N/A       100%        6
 Sculpt Simulacrum        Ice/Alch       0%         N/A       100%        6


Dungeon Overview and Level Annotations

Branches:
Dungeon (15/15)            Temple (0/1) D:6            Lair (5/5) D:11
 Shoals (0/4) Lair:3        Snake (2/4) Lair:3        Slime (5/5) Lair:4
    Orc (0/2) D:10         Vaults (0/5) D:14         Depths (0/4) D:15
 Bailey (visited)         Gauntlet (visited)

Altars:
Cheibriados
Dithmenos
Elyvilon
Gozag
Hepliaklqana
Kikubaaqudgha
Okawaru
Qazlal
Sif Muna
Trog
Vehumet
Wu Jian
Yredelemnul
The Shining One
Jiyva

Shops:
D:1 *   D:5 *   D:9 [[   D:11 (   D:12 :


Innate Abilities, Weirdness & Mutations

Your spellcasting is much less encumbered by armour.
You can use scrolls of enchantment on lesser artefacts.
You have claws for hands.
Your mind is acute. (Int +4, Str/Dex -1)
You are very robust. (+20% HP)
You are resistant to electric shocks. (rElec)
Your muscles are very strong. (Str +8, Int/Dex -2)
Your spells are harder to cast, but more powerful.
Your translucent skin slightly reduces your foes' accuracy. (Stealth+)
You are covered in slimy tendrils that may disarm your opponents.
Your movements are slightly less encumbered by armour. (ER -2)


Message History

* * * LOW HITPOINT WARNING * * *
You bludgeon the naga!!
You kill the naga!
You feel very sick.
The naga mage hits you from afar with a +0 spear!
* * * LOW HITPOINT WARNING * * *
The black mamba bites you but does no damage.
The naga mage hits you from afar with a +0 spear.
* * * LOW HITPOINT WARNING * * *
You sock the naga warrior!
The naga warrior is severely wounded.
You feel very sick.
The naga mage no longer looks unusually strong.
The black mamba bites you but does no damage.
The naga warrior roars a battlecry!
The naga mage goes into a battle-frenzy!
The naga warrior constricts you.
The naga mage points at you and mumbles some strange words.
The bolt of poison hits the black mamba.
The black mamba is poisoned.
The bolt of poison hits you!
You are more poisoned.
* * * LOW HITPOINT WARNING * * *
The naga warrior blocks your attack.
The naga warrior is severely wounded.
* * * LOW HITPOINT WARNING * * *
You feel very sick.
The black mamba bites you but does no damage.
You block the naga warrior's attack. The naga warrior constricts you.
* * * LOW HITPOINT WARNING * * *
The naga mage barely misses you.
You are too berserk!
You bludgeon the naga warrior!!
The naga warrior is almost dead.
* * * LOW HITPOINT WARNING * * *
You feel very sick. You block the black mamba's attack.
The black mamba bites you but does no damage.
The naga mage hits you from afar with a +0 spear!
You die...
Jiyva sends a jelly to digest your remains.

...# ...##
.?..#####
#........
#........
##........
##........N
##.[<#
#NS@##
......N##
..##..# #.#
..# .## #


You could see a naga warrior (curare), a black mamba (curare, poisoned) and a
naga mage (fast, strong).

Vanquished Creatures
  Gastronok (D:9)
  Kirke (D:15)
  A nagaraja (Snake:1)
  A very ugly thing (Abyss:3)
  Nessos (Lair:4)
  6 starcursed masses (Abyss:3)
  A minotaur (Gauntlet)
  A blizzard demon (Abyss:1)
  2 fire dragons (D:15)
  An entropy weaver (D:14)
  Josephine (D:10)
  Erolcha (D:9)
  A peacekeeper (D:14)
  A merfolk avatar (Lair:5)
  2 ogre magi (D:11)
  3 boulder beetles
  3 hydras
  5 centaur warriors
  6 two-headed ogres
  3 catoblepae
  3 anacondas (Snake:1)
  17 death yaks
  An occultist (D:11)
  Urug (D:13)
  3 naga sharpshooters (Snake:1)
  3 naga warriors
  A shock serpent (Snake:1)
  Sonja (D:13)
  Nergalle (Lair:1)
  A wretched star (Abyss:3)
  Amaemon (Lair:1)
  9 skeletal warriors
  Lodul (D:13)
  A flayed ghost (Abyss:1)
  3 mana vipers (Snake:1)
  3 arcanists (D:14)
  A harpy (Lair:5)
  A naga ritualist (Snake:1)
  4 deep elf pyromancers
  A necromancer (Gauntlet)
  4 orc knights
  An orc sorcerer (D:15)
  An oklob plant (Lair:5)
  8 ugly things
  Maurice (D:8)
  4 cyclopes
  4 manticores
  4 salamanders (Snake:1)
  4 large abominations
  4 meliai
  A smoke demon (Abyss:3)
  13 elephants
  2 torpor snails
  A naga mage (Snake:1)
  Joseph (D:10)
  10 black mambas
  12 cane toads
  3 gargoyles
  An orange demon (Lair:1)
  A rime drake (Lair:5)
  An unseen horror (D:11)
  3 kobold demonologists (D:14)
  A yaktaur (D:12)
  Maggie (D:10)
  A freezing wraith (D:14)
  11 komodo dragons
  An efreet (Abyss:3)
  6 trolls
  A wind drake (Lair:5)
  5 polar bears
  3 raiju (Abyss:3)
  14 blink frogs
  6 hornets
  A jumping spider (shapeshifter) (D:15)
  A jumping spider (D:15)
  2 snapping turtles (Lair:5)
  3 shadows
  Sigmund (D:3)
  2 small abominations
  A vampire (D:9)
  42 yaks
  8 wyverns
  2 ynoxinuls (Abyss:3)
  5 wraiths (D:10)
  2 fire elementals (D:14)
  A redback (D:15)
  5 basilisks
  A redback (shapeshifter) (D:12)
  A neqoxec (Abyss:3)
  2 steam dragons
  4 vampire mosquitoes (D:14)
  Grum (D:9)
  12 nagas
  Edmund (D:5)
  3 acid dragons
  11 water moccasins
  Duvessa (D:5)
  13 orc warriors
  2 sky beasts
  A black bear (D:7)
  3 ice beasts
  11 ogres
  5 centaurs
  24 wolves
  2 laughing skulls (Gauntlet)
  2 phantoms
  2 kobold brigands (D:7)
  2 gnoll sergeants
  10 bullfrogs
  3 scorpions (D:5)
  9 wights
  2 howler monkeys (D:6)
  3 hounds
  3 bombardier beetles (D:5)
  9 orc priests
  A gnoll bouda (D:8)
  2 sleepcaps
  8 iguanas
  7 orc wizards
  7 hell rats (Lair:4)
  11 gnolls
  5 adders
  2 shadow imps
  3 white imps
  An ufetubus (D:7)
  2 ribbon worms
  2 dart slugs
  46 orcs
  2 endoplasms (D:1)
  4 giant cockroaches
  14 goblins
  A hobgoblin (D:1)
  7 jackals
  A quokka (D:1)
  4 ball pythons
  4 bats
  2 frilled lizards (D:1)
  4 kobolds
  8 rats
600 creatures vanquished.

Vanquished Creatures (collateral kills)
  A lorocyproca (Abyss:1)
  A cyclops (D:11)
  A black mamba (shapeshifter) (Abyss:3)
  An ice devil (Abyss:3)
  A small abomination (Abyss:1)
  An ice beast (D:7)
  An ogre (D:7)
  A phantom (D:7)
  A boggart (D:11)
  2 bullfrogs (D:7)
  Dowan (D:5)
  A howler monkey (D:7)
  An orc priest (D:4)
  A starcursed mass (Abyss:3)
  An orc wizard (D:4)
  A goblin (D:4)
17 creatures vanquished.

Vanquished Creatures (others)
  A great orb of eyes (Gauntlet)
  A hydra (Lair:5)
  2 glowing orange brains (Gauntlet)
  A cyclops (D:12)
  2 wyverns
  A golden eye (Abyss:3)
  5 water moccasins
  2 centaurs (D:7)
  A phantom (D:4)
  3 bullfrogs (D:7)
  A scorpion (D:4)
  70 jellies
  2 hounds (D:7)
  A starcursed mass (Abyss:3)
  A gnoll (D:10)
  An ufetubus (D:7)
  5 orcs
  A goblin (D:3)
  2 ball pythons
  2 butterflies (Lair:3)
105 creatures vanquished.

Grand Total: 722 creatures vanquished

Notes
Turn   | Place    | Note
-------+----------+-------------------------------------------
     0 | D:1      | CowFu the Mountain Dwarf Fighter began the quest for the
                  | Orb.
     0 | D:1      | Reached XP level 1. HP: 19/19 MP: 1/1
   105 | D:1      | Reached XP level 2. HP: 22/26 MP: 2/2
   141 | D:1      | Found a faded altar of an unknown god.
   176 | D:1      | Prayed at the altar of an unknown god.
   176 | D:1      | Became a worshipper of Jiyva Jietejor the Shapeless
   176 | D:1      | Reached * piety under Jiyva
   385 | D:1      | Found Nipho's Assorted Antiques.
   393 | D:1      | Bought a scroll labelled JAATUA OGOLEUPT for 22 gold pieces
   762 | D:2      | Reached ** piety under Jiyva
   904 | D:2      | Reached XP level 3. HP: 31/31 MP: 3/3
  1097 | D:2      | Reached skill level 5 in Maces & Flails
  1385 | D:1      | Bought 2 scrolls labelled JIDIELA HUIGUD for 44 gold pieces
  1385 | D:1      | Bought a scroll labelled JIDIELA HUIGUD for 22 gold pieces
  1500 | D:3      | Reached *** piety under Jiyva
  1502 | D:3      | Noticed Sigmund
  1516 | D:3      | Reached XP level 4. HP: 38/38 MP: 4/4
  1545 | D:3      | Killed Sigmund
  1546 | D:3      | Reached XP level 5. HP: 13/45 MP: 5/5
  1577 | D:3      | Gained mutation: Your melee attacks may engulf your foes in
                  | ooze. [Jiyva's grace]
  1577 | D:3      | Gained mutation: Your flesh is heat resistant. (rF+)
                  | [Jiyva's grace]
  1577 | D:3      | Gained mutation: Your flesh is very heat resistant. (rF++)
                  | [Jiyva's grace]
  1577 | D:3      | Gained mutation: Your flesh is almost immune to the effects
                  | of heat. (rF+++) [Jiyva's grace]
  1803 | D:3      | Noticed an ice beast
  1818 | D:3      | Killed an ice beast
  1819 | D:3      | Reached XP level 6. HP: 41/51 MP: 6/6
  1973 | D:3      | Identified the +11 whip of Zin's Reproof {freeze, *Corrode
                  | rC+ rN+ Int+2}
  2034 | D:4      | Reached **** piety under Jiyva
  2320 | D:4      | Reached ***** piety under Jiyva
  2452 | D:4      | Lost mutation: Your melee attacks may engulf your foes in
                  | ooze. [Jiyva's grace]
  2452 | D:4      | Gained mutation: You expend magic power (3 MP) to
                  | strengthen your wands. [Jiyva's grace]
  2452 | D:4      | Gained mutation: You are covered in fur. (AC +1) [Jiyva's
                  | grace]
  2452 | D:4      | Gained mutation: You are covered in thick fur. (AC +2)
                  | [Jiyva's grace]
  2452 | D:4      | Gained mutation: Your thick and shaggy fur keeps you warm.
                  | (AC +3, rC+) [Jiyva's grace]
  2579 | D:4      | Found an ancient bone altar of Kikubaaqudgha.
  2579 | D:4      | Found a stormy altar of Qazlal.
  2604 | D:5      | Entered Level 5 of the Dungeon
  2604 | D:5      | Noticed an ice beast
  2614 | D:5      | Killed an ice beast
  2617 | D:5      | Reached XP level 7. HP: 25/57 MP: 7/7
  2770 | D:5      | Reached skill level 10 in Maces & Flails
  2790 | D:5      | Identified the +3 spear of Midwinter {drain, rCorr Str+5}
  2811 | D:5      | Found Zehezoit's Lightly-Used Armoury.
  2812 | D:5      | Noticed Edmund
  2814 | D:5      | Noticed Duvessa
  2815 | D:5      | Noticed Dowan
  2840 | D:5      | Killed Edmund
  2844 | D:5      | Reached XP level 8. HP: 39/63 MP: 8/8
  2850 | D:5      | Killed Duvessa
  2858 | D:5      | Killed Dowan
  3268 | D:6      | Reached skill level 4 in Fighting
  3559 | D:6      | Reached skill level 5 in Fighting
  3559 | D:6      | Reached skill level 5 in Armour
  3559 | D:6      | Reached skill level 5 in Shields
  3698 | D:6      | Found a staircase to the Ecumenical Temple.
  3788 | D:6      | Reached XP level 9. HP: 74/74 MP: 9/9
  3974 | D:7      | Found a radiant altar of Vehumet.
  3980 | D:7      | Found an ornate altar of the Wu Jian Council.
  3983 | D:7      | Found a glowing golden altar of the Shining One.
  3983 | D:7      | Found a snail-covered altar of Cheibriados.
  3990 | D:7      | Found a hazy altar of Hepliaklqana.
  4027 | D:7      | Reached ****** piety under Jiyva
  4096 | D:7      | Reached skill level 6 in Fighting
  4129 | D:7      | Found a basalt altar of Yredelemnul.
  4273 | D:7      | Noticed a troll
  4277 | D:7      | Noticed a skeletal warrior
  4283 | D:7      | Killed a troll
  4290 | D:7      | Killed a skeletal warrior
  4291 | D:7      | Reached skill level 7 in Fighting
  4291 | D:7      | Reached XP level 10. HP: 9/86 MP: 10/10
  4336 | D:7      | Found the +7 Spriggan's Knife {stab, EV+4 Stlth+}
  4341 | D:7      | Identified the +6 plate armour of Erghyah {rF+ rC+ Str+3
                  | Dex-5}
  4757 | D:8      | Lost mutation: Your flesh is almost immune to the effects
                  | of heat. (rF+++) [Jiyva's grace]
  4757 | D:8      | Lost mutation: Your flesh is very heat resistant. (rF++)
                  | [Jiyva's grace]
  4757 | D:8      | Lost mutation: Your thick and shaggy fur keeps you warm.
                  | (AC +3, rC+) [Jiyva's grace]
  4757 | D:8      | Gained mutation: You are partially covered in iridescent
                  | scales. (AC +2) [Jiyva's grace]
  4757 | D:8      | Gained mutation: You are mostly covered in iridescent
                  | scales. (AC +4) [Jiyva's grace]
  4757 | D:8      | Gained mutation: You are completely covered in iridescent
                  | scales. (AC +6) [Jiyva's grace]
  4757 | D:8      | Gained mutation: Your mind is acute. (Int +4, Str/Dex -1)
                  | [Jiyva's grace]
  4851 | D:8      | Found a white marble altar of Elyvilon.
  5148 | D:8      | Noticed Maurice
  5161 | D:8      | Maurice stole the +11 whip of Zin's Reproof {freeze,
                  | *Corrode rC+ rN+ Int+2}
  5164 | D:8      | Maurice stole an amulet of the acrobat
  5168 | D:8      | Maurice stole 254 gold
  5213 | D:8      | Killed Maurice
  5312 | D:8      | Found a bloodstained altar of Trog.
  5312 | D:8      | Found an opulent altar of Gozag.
  5313 | D:8      | Found an iron altar of Okawaru.
  5717 | D:9      | Noticed Erolcha
  5725 | Abyss:1  | Cast into level 1 of the Abyss (Erolcha)
  5764 | Abyss:1  | Found a corrupted altar of Lugonu.
  5772 | Abyss:1  | Found a corrupted altar of Lugonu.
  5772 | Abyss:1  | Noticed a large abomination
  5772 | Abyss:1  | Found a corrupted altar of Lugonu.
  5775 | Abyss:1  | Noticed a blizzard demon
  5778 | Abyss:1  | Killed a large abomination
  5810 | Abyss:1  | Killed a blizzard demon
  5811 | Abyss:1  | Reached skill level 8 in Fighting
  5817 | Abyss:1  | Noticed a flayed ghost
  5829 | Abyss:1  | Killed a flayed ghost
  5833 | Abyss:1  | Killed a lorocyproca
  5834 | Abyss:1  | Reached XP level 11. HP: 24/95 MP: 4/11
  5836 | D:9      | Escaped the Abyss
  5847 | D:9      | Killed Erolcha
  5939 | D:9      | Found Lijodw Voseo's Armour Boutique.
  5944 | D:9      | Identified the orb of the Trees {*channel, rElec Int+4}
  6020 | D:9      | Noticed Grum
  6026 | D:9      | Killed Grum
  6039 | D:9      | Reached skill level 9 in Fighting
  6057 | D:9      | Noticed Gastronok
  6059 | D:9      | Noticed a two-headed ogre
  6065 | D:9      | Killed a two-headed ogre
  6111 | D:9      | Killed Gastronok
  6159 | D:9      | Paralysed by a hornet for 1 turns
  6256 | D:9      | Found Saelen's Armour Shoppe.
  6264 | D:9      | Bought a +1 pair of gloves of dexterity for 264 gold pieces
  6496 | D:9      | Lost mutation: You are completely covered in iridescent
                  | scales. (AC +6) [Jiyva's grace]
  6496 | D:9      | Lost mutation: You are mostly covered in iridescent scales.
                  | (AC +4) [Jiyva's grace]
  6496 | D:9      | Gained mutation: You are covered in slimy tendrils that may
                  | disarm your opponents. [Jiyva's grace]
  6496 | D:9      | Gained mutation: Your natural rate of healing is unusually
                  | fast. [Jiyva's grace]
  6496 | D:9      | Gained mutation: You heal very quickly. [Jiyva's grace]
  6496 | D:9      | Gained mutation: You regenerate. [Jiyva's grace]
  6798 | D:10     | Entered Level 10 of the Dungeon
  6821 | D:10     | Found a staircase to the Orcish Mines.
  6989 | D:10     | Found a flagged portal.
  6995 | D:10     | Paralysed by a hornet for 1 turns
  7089 | D:10     | Upgraded the game from 0.32-a0-841-g4648e6c457 to
                  | 0.32-a0-859-gb0a091d592
  7097 | D:10     | Noticed Joseph
  7109 | D:10     | Killed Joseph
  7211 | Bailey   | Entered a bailey
  7287 | Bailey   | Noticed an orc knight
  7288 | Bailey   | Noticed an orc knight
  7334 | Bailey   | Killed an orc knight
  7335 | Bailey   | Reached skill level 10 in Fighting
  7335 | Bailey   | Reached skill level 10 in Armour
  7335 | Bailey   | Reached skill level 10 in Shields
  7432 | Bailey   | Killed an orc knight
  7447 | Bailey   | Reached skill level 15 in Maces & Flails
  7490 | Bailey   | Identified the +11 shadow dragon scales "Naepsoow" {-Cast
                  | rN+ Dex+3 Stlth++++}
  7717 | D:10     | Reached skill level 1 in Evocations
  7721 | D:10     | Reached XP level 12. HP: 106/106 MP: 12/12
  7722 | D:10     | Found a shadowy altar of Dithmenos.
  7789 | D:10     | Noticed Josephine
  7799 | D:10     | Killed Josephine
  7942 | D:10     | Noticed Maggie
  7949 | D:10     | Killed Maggie
  8179 | D:11     | Noticed a two-headed ogre
  8214 | D:11     | Killed a two-headed ogre
  8233 | D:11     | Lost mutation: Your flesh is heat resistant. (rF+) [Jiyva's
                  | grace]
  8233 | D:11     | Gained mutation: You have sharp toenails. [Jiyva's grace]
  8233 | D:11     | Gained mutation: You have razor-sharp toenails. [Jiyva's
                  | grace]
  8233 | D:11     | Gained mutation: You have claws for feet. [Jiyva's grace]
  8233 | D:11     | Gained mutation: Your translucent skin slightly reduces
                  | your foes' accuracy. (Stealth+) [Jiyva's grace]
  8242 | D:11     | Noticed a centaur warrior
  8242 | D:11     | Noticed an ogre mage
  8248 | D:11     | Killed a centaur warrior
  8248 | D:11     | Noticed a centaur warrior
  8249 | D:11     | Paralysed by an ogre mage for 4 turns
  8251 | D:11     | Noticed an ogre mage
  8254 | D:11     | Noticed a catoblepas
  8256 | D:11     | Killed an ogre mage
  8289 | D:11     | Killed an ogre mage
  8302 | D:11     | Killed a catoblepas
  8314 | D:11     | Killed a centaur warrior
  8327 | D:11     | Reached skill level 5 in Evocations
  8328 | D:11     | Noticed a two-headed ogre
  8338 | Abyss:3  | Noticed a starcursed mass
  8338 | Abyss:3  | Cast into level 3 of the Abyss (an occultist)
  8389 | Abyss:3  | Found a corrupted altar of Lugonu.
  8461 | Abyss:3  | Noticed a starcursed mass
  8493 | Abyss:3  | Killed a starcursed mass
  8506 | Abyss:3  | Noticed a tentacled monstrosity
  8508 | Abyss:3  | Noticed a white draconian stormcaller
  8508 | Abyss:3  | Noticed a starcursed mass
  8523 | Abyss:3  | Killed a starcursed mass
  8545 | Abyss:3  | Noticed a tentacled starspawn
  8677 | Abyss:3  | Noticed a bone dragon
  8682 | Abyss:3  | Noticed a purple very ugly thing
  8713 | Abyss:3  | Killed a purple very ugly thing
  8714 | Abyss:3  | Reached XP level 13. HP: 57/90 MP: 10/10
  8770 | D:11     | Escaped the Abyss
  8925 | D:11     | Identified the amulet "Gopn" {-Tele rF++ Regen+ SInv
                  | Stlth+}
  9020 | D:11     | Lost mutation: You regenerate. [Jiyva's grace]
  9020 | D:11     | Lost mutation: You heal very quickly. [Jiyva's grace]
  9020 | D:11     | Lost mutation: You are covered in thick fur. (AC +2)
                  | [Jiyva's grace]
  9020 | D:11     | Lost mutation: Your translucent skin slightly reduces your
                  | foes' accuracy. (Stealth+) [Jiyva's grace]
  9020 | D:11     | Gained mutation: Your movements are slightly less
                  | encumbered by armour. (ER -2) [Jiyva's grace]
  9020 | D:11     | Gained mutation: Your movements are less encumbered by
                  | armour. (ER -4) [Jiyva's grace]
  9020 | D:11     | Gained mutation: Your movements are significantly less
                  | encumbered by armour. (ER -6) [Jiyva's grace]
  9020 | D:11     | Gained mutation: You have sharp fingernails. [Jiyva's
                  | grace]
  9075 | D:11     | Found Ruoq's Weapon Shoppe.
  9244 | D:11     | Found a staircase to the Lair.
  9296 | Lair:1   | Entered Level 1 of the Lair of Beasts
  9489 | D:11     | Upgraded the game from 0.32-a0-859-gb0a091d592 to
                  | 0.32-a0-868-g153ae1a8d6
  9492 | Lair:1   | Noticed Amaemon
  9501 | Lair:1   | Killed Amaemon
  9509 | Lair:1   | Reached skill level 15 in Armour
  9545 | Lair:1   | Noticed Nergalle
  9558 | Lair:1   | Killed Nergalle
 10504 | Lair:2   | Lost mutation: You have sharp fingernails. [Jiyva's grace]
 10504 | Lair:2   | Lost mutation: You have claws for feet. [Jiyva's grace]
 10504 | Lair:2   | Lost mutation: You are partially covered in iridescent
                  | scales. (AC +2) [Jiyva's grace]
 10504 | Lair:2   | Lost mutation: You are covered in fur. (AC +1) [Jiyva's
                  | grace]
 10504 | Lair:2   | Lost mutation: You expend magic power (3 MP) to strengthen
                  | your wands. [Jiyva's grace]
 10504 | Lair:2   | Gained mutation: You expend magic power (3 MP) to
                  | strengthen your wands. [Jiyva's grace]
 10504 | Lair:2   | Gained mutation: You are partially covered in iridescent
                  | scales. (AC +2) [Jiyva's grace]
 10504 | Lair:2   | Gained mutation: You are mostly covered in iridescent
                  | scales. (AC +4) [Jiyva's grace]
 10504 | Lair:2   | Gained mutation: You are completely covered in iridescent
                  | scales. (AC +6) [Jiyva's grace]
 11121 | Lair:3   | Reached skill level 11 in Fighting
 11159 | Lair:3   | Found a staircase to the Snake Pit.
 11313 | Lair:3   | Reached XP level 14. HP: 124/124 MP: 14/14
 11384 | Lair:3   | Reached skill level 12 in Fighting
 11550 | Lair:3   | Lost mutation: You have razor-sharp toenails. [Jiyva's
                  | grace]
 11550 | Lair:3   | Lost mutation: You have sharp toenails. [Jiyva's grace]
 11550 | Lair:3   | Lost mutation: You are completely covered in iridescent
                  | scales. (AC +6) [Jiyva's grace]
 11550 | Lair:3   | Lost mutation: You are mostly covered in iridescent scales.
                  | (AC +4) [Jiyva's grace]
 11550 | Lair:3   | Lost mutation: Your movements are significantly less
                  | encumbered by armour. (ER -6) [Jiyva's grace]
 11550 | Lair:3   | Lost mutation: Your movements are less encumbered by
                  | armour. (ER -4) [Jiyva's grace]
 11550 | Lair:3   | Gained mutation: You are robust. (+10% HP) [Jiyva's grace]
 11550 | Lair:3   | Gained mutation: You are very robust. (+20% HP) [Jiyva's
                  | grace]
 11550 | Lair:3   | Gained mutation: You are extremely robust. (+30% HP)
                  | [Jiyva's grace]
 11550 | Lair:3   | Gained mutation: Your translucent skin slightly reduces
                  | your foes' accuracy. (Stealth+) [Jiyva's grace]
 11561 | Lair:3   | Found a staircase to the Shoals.
 11877 | Snake:1  | Entered Level 1 of the Snake Pit
 12052 | Lair:4   | Noticed Nessos
 12075 | Lair:4   | Reached skill level 13 in Fighting
 12089 | Lair:5   | Entered Level 5 of the Lair of Beasts
 12243 | Lair:5   | Identified the +1 pair of gloves of Lugonu's Pride {Slay+5}
 12308 | Lair:5   | Reached skill level 14 in Fighting
 12361 | Lair:5   | Found the ring of the Octopus King
 12492 | Lair:5   | Identified the +8 battleaxe of Adverse Possession {spect,
                  | *Noise +Blink Int+7 Dex+2}
 12496 | Lair:5   | Identified a ring of the Octopus King {rCorr HP+2 AC+2 EV+2
                  | SH+2}
 12497 | Lair:5   | Got an earthy gem with 896 turns to spare
 12548 | Lair:5   | Reached skill level 15 in Fighting
 13333 | Lair:4   | Killed Nessos
 13492 | Lair:4   | Lost mutation: Your natural rate of healing is unusually
                  | fast. [Jiyva's grace]
 13492 | Lair:4   | Gained mutation: You have a somewhat thin skeletal
                  | structure. (Dex +2, Stealth+) [Jiyva's grace]
 13492 | Lair:4   | Gained mutation: You have a moderately thin skeletal
                  | structure. (Dex +4, Stealth++) [Jiyva's grace]
 13492 | Lair:4   | Gained mutation: You have an unnaturally thin skeletal
                  | structure. (Dex +6, Stealth+++) [Jiyva's grace]
 13492 | Lair:4   | Gained mutation: Your mind is very acute. (Int +8, Str/Dex
                  | -2) [Jiyva's grace]
 13521 | Lair:4   | Found a staircase to the Slime Pits.
 13691 | Lair:4   | Reached skill level 16 in Fighting
 13970 | Lair:4   | Found a shimmering blue altar of Sif Muna.
 14337 | Slime:1  | Entered Level 1 of the Pits of Slime
 14337 | Slime:1  | Noticed a rockslime
 14339 | Slime:1  | Noticed an azure jelly
 14357 | Slime:1  | Noticed an azure jelly
 14382 | Slime:1  | Noticed an acid blob
 14386 | Slime:1  | Noticed an acid blob
 14407 | Slime:1  | Noticed a quicksilver ooze
 14488 | Slime:1  | Noticed a rockslime
 14508 | Slime:1  | Noticed an acid blob
 14577 | Slime:1  | Noticed an acid blob
 14586 | Slime:1  | Noticed a rockslime
 14619 | Slime:1  | Noticed a rockslime
 14730 | Slime:2  | Noticed an acid blob
 14775 | Slime:2  | Noticed an acid blob
 14782 | Slime:2  | Noticed a quicksilver ooze
 14785 | Slime:2  | Noticed a quicksilver ooze
 14791 | Slime:2  | Noticed an azure jelly
 14854 | Slime:2  | Noticed a quicksilver ooze
 14856 | Slime:2  | Noticed a rockslime
 15020 | Slime:3  | Noticed an azure jelly
 15029 | Slime:3  | Noticed a quicksilver ooze
 15043 | Slime:3  | Noticed a quicksilver ooze
 15287 | Slime:3  | Noticed an azure jelly
 15377 | Slime:4  | Noticed a rockslime
 15378 | Slime:4  | Noticed an acid blob
 15524 | Slime:5  | Entered Level 5 of the Pits of Slime
 15559 | Slime:5  | Noticed a quicksilver ooze
 15560 | Slime:5  | Noticed an acid blob
 15571 | Slime:4  | Noticed an azure jelly
 15573 | Slime:4  | Noticed a rockslime
 15577 | Slime:4  | Noticed an acid blob
 15584 | Slime:4  | Noticed an azure jelly
 15611 | Slime:4  | Noticed a rockslime
 15620 | Slime:4  | Noticed an acid blob
 15629 | Slime:4  | Noticed an acid blob
 15631 | Slime:4  | Noticed a rockslime
 15695 | Slime:5  | Noticed a formless jellyfish
 15790 | Slime:5  | Noticed a quicksilver ooze
 15803 | Slime:5  | Noticed a rockslime
 15817 | Slime:5  | Noticed a rockslime
 15818 | Slime:5  | Noticed a quicksilver ooze
 15819 | Slime:5  | Noticed an acid blob
 15835 | Slime:5  | Noticed an acid blob
 15844 | Slime:5  | Noticed a quicksilver ooze
 15845 | Slime:5  | Noticed a rockslime
 15845 | Slime:5  | Noticed an azure jelly
 15884 | Slime:5  | Noticed a rockslime
 15885 | Slime:5  | Noticed an azure jelly
 15904 | Slime:5  | Found a viscous altar of Jiyva.
 15911 | Slime:5  | Identified the +12 war axe "Egelik" {protect, rN+++}
 15912 | Slime:5  | Identified the +0 plate armour of Hepliaklqana's Respect
                  | {Will+ rCorr Int+3 Dex+2}
 15931 | Slime:5  | Got a slimy rune of Zot
 15932 | Slime:5  | Identified the +6 plate armour of Baldness {rF+ rN+ Regen+
                  | rCorr}
 15944 | Slime:5  | Noticed an acid blob
 15955 | Slime:5  | Noticed an acid blob
 15967 | Slime:5  | Noticed a rockslime
 15983 | Slime:5  | Noticed a rockslime
 16547 | D:12     | Found Mautruum's Book Boutique.
 16706 | D:12     | Reached XP level 15. HP: 167/183 MP: 15/15
 16966 | D:13     | Noticed Lodul
 16968 | D:13     | Noticed Sonja
 16995 | D:13     | Killed Lodul
 17021 | D:13     | Reached skill level 17 in Fighting
 17034 | D:13     | Killed Sonja
 17180 | D:13     | Noticed Urug
 17200 | D:13     | Killed Urug
 17623 | D:14     | Found a gate to the Vaults.
 17724 | D:14     | Reached skill level 18 in Fighting
 17740 | D:14     | Lost mutation: You have an unnaturally thin skeletal
                  | structure. (Dex +6, Stealth+++) [Jiyva's grace]
 17740 | D:14     | Lost mutation: You are extremely robust. (+30% HP) [Jiyva's
                  | grace]
 17740 | D:14     | Gained mutation: Your muscles are strong. (Str +4, Int/Dex
                  | -1) [Jiyva's grace]
 17740 | D:14     | Gained mutation: Your muscles are very strong. (Str +8,
                  | Int/Dex -2) [Jiyva's grace]
 17740 | D:14     | Gained mutation: Your spells are a little harder to cast,
                  | but a little more powerful. [Jiyva's grace]
 17740 | D:14     | Gained mutation: Your spells are harder to cast, but more
                  | powerful. [Jiyva's grace]
 18246 | D:14     | Reached skill level 19 in Fighting
 18257 | D:14     | Got the Spellbook of Chilled Nonlocality
 18259 | D:14     | Got the Precepts of Tectonic Carrion
 18449 | D:15     | Entered Level 15 of the Dungeon
 18449 | D:15     | Noticed Kirke
 18462 | D:15     | Killed Kirke
 18470 | D:15     | Found a staircase to the Depths.
 18535 | D:15     | Found a gate leading to a gauntlet.
 18546 | Gauntlet | Entered a Gauntlet
 18546 | Gauntlet | Found a transporter.
 18554 | Gauntlet | Found a transporter.
 18561 | Gauntlet | Found a transporter.
 18576 | Gauntlet | Found a transporter.
 18581 | Gauntlet | Found a transporter.
 18598 | Gauntlet | Found a transporter.
 18616 | Gauntlet | Found a transporter.
 18628 | Gauntlet | Found a transporter.
 18640 | Gauntlet | Found a transporter.
 18652 | Gauntlet | Found a transporter.
 18660 | Gauntlet | Found a large runed translucent door.
 18661 | Gauntlet | Found a large runed translucent door.
 18662 | Gauntlet | Found a large runed translucent door.
 18662 | Gauntlet | Found a large runed translucent door.
 18663 | Gauntlet | Found a runed translucent gate.
 18664 | Gauntlet | Found a transporter.
 18664 | Gauntlet | Found a runed translucent gate.
 18665 | Gauntlet | Found a runed translucent gate.
 18666 | Gauntlet | Found a large runed translucent door.
 18666 | Gauntlet | Found a large runed translucent door.
 18667 | Gauntlet | Found a large runed translucent door.
 18668 | Gauntlet | Found a large runed translucent door.
 18677 | Gauntlet | Found a large runed translucent door.
 18677 | Gauntlet | Found a large runed translucent door.
 18677 | Gauntlet | Found a runed translucent door.
 18677 | Gauntlet | Found a runed translucent door.
 18678 | Gauntlet | Found a large runed translucent door.
 18679 | Gauntlet | Found a large runed translucent door.
 18681 | Gauntlet | Found a transporter.
 18689 | Gauntlet | Found a large runed translucent door.
 18689 | Gauntlet | Found a large runed translucent door.
 18690 | Gauntlet | Found a large runed translucent door.
 18691 | Gauntlet | Found a large runed translucent door.
 18699 | Gauntlet | Found a transporter.
 18701 | Gauntlet | Found a transporter.
 18728 | Gauntlet | Found a transporter.
 18806 | Gauntlet | Found a transporter.
 18826 | Gauntlet | Found a transporter.
 18848 | Gauntlet | Found a transporter.
 19109 | Gauntlet | Identified the amulet of Lucidity {Acrobat -Cast rF++ rC++}
 19125 | Gauntlet | Identified the +5 morningstar of Melee {freeze, rPois rF+
                  | Dex+2 Stlth+}
 19146 | Gauntlet | Got the Folio of the Spagyric Crevasse
 19222 | D:15     | Reached skill level 20 in Fighting
 19446 | D:15     | Found a stormy altar of Qazlal.
 19828 | Snake:1  | Noticed a nagaraja
 19852 | Snake:1  | Killed a nagaraja
 19882 | Lair:3   | Reached XP level 16. HP: 40/198 MP: 16/16
 20442 | Snake:1  | Reached skill level 21 in Fighting
 20637 | Snake:1  | Lost mutation: You are partially covered in iridescent
                  | scales. (AC +2) [Jiyva's grace]
 20637 | Snake:1  | Lost mutation: You have a moderately thin skeletal
                  | structure. (Dex +4, Stealth++) [Jiyva's grace]
 20637 | Snake:1  | Lost mutation: You have a somewhat thin skeletal structure.
                  | (Dex +2, Stealth+) [Jiyva's grace]
 20637 | Snake:1  | Lost mutation: Your mind is very acute. (Int +8, Str/Dex
                  | -2) [Jiyva's grace]
 20637 | Snake:1  | Lost mutation: You expend magic power (3 MP) to strengthen
                  | your wands. [Jiyva's grace]
 20637 | Snake:1  | Gained mutation: You are resistant to electric shocks.
                  | (rElec) [Jiyva's grace]
 20637 | Snake:1  | Gained mutation: You have sharp fingernails. [Jiyva's
                  | grace]
 20637 | Snake:1  | Gained mutation: You have very sharp fingernails. [Jiyva's
                  | grace]
 20637 | Snake:1  | Gained mutation: You have claws for hands. [Jiyva's grace]
 21272 | Snake:2  | HP: 13/303 [naga mage/bolt of poison (11)]
 21273 | Snake:2  | HP: 4/303 [constriction (5)]
 21274 | Snake:2  | HP: 1/303 [poisoned by a naga mage (bolt of poison)]
 21274 | Snake:2  | Mangled by a naga mage

Illustrated notes

Levels and vault maps discovered:
D:1:      scummos_arrival_star, layout_basic, basic_ecumenical_altar,
          serial_shops, nicolae_shop_just_a_little_nook, minmay_pentomino_z2
D:2:      minmay_general_purpose_star, layout_rooms
D:3:      layout_basic, st_stairs_4, uniq_sigmund
D:4:      layout_gridville, gammafunk_temple_overflow_statue
D:5:      layout_basic, minmay_shop_damaged, grunt_ministairs_14, uniq_duvessa,
          uniq_edmund
D:6:      layout_loops_ring, minmay_temple_entry_overgrown
D:7:      minmay_the_grid_plus_closed [minmay_the_grid_empty,
          minmay_the_grid_garden, minmay_the_grid_broken_lines,
          minmay_the_grid_box_x, minmay_the_grid_prize_diamond_cup],
          layout_cave_pools, nicolae_overflow_hallway_of_the_gods,
          minmay_ruined_shrine
D:8:      layout_loops_corners, elyvilon_altar_1,
          gammafunk_temple_overflow_claw, uniq_maurice
D:9:      layout_cave_pods, serial_shops, shop, nicolae_inconvenience_store,
          amcnicky_mini_pool_small, uniq_grum, uniq_erolcha, uniq_gastronok
D:10:     layout_stronghold, grunt_dithmenos_shadows, david_orc_3,
          enter_bailey_5, uniq_joseph, uniq_maggie, uniq_josephine
D:11:     minmay_cut_squares, layout_gridville, dpeg_lair_monsters,
          serial_shops, nicolae_shop_rolling_square
D:12:     layout_roguey, serial_shops, shop, minmay_fractal_squares_gapless_7
D:13:     layout_cave_pools, uniq_urug, uniq_lodul, uniq_sonja
D:14:     layout_loops_cross, hellmonk_vaults_order_and_chaos,
          chequers_serial_rivers_room_a, cheibrodos_lost_city_excavation
D:15:     grunt_enter_depths_hoard, layout_loops_ring, nicolae_twisting_strands,
          gauntlet_entry_generic, grunt_qazlal_sundering, uniq_kirke
Lair:1:   layout_hall_layers, uniq_nergalle, uniq_amaemon
Lair:2:   layout_roguey, grunt_forest_small_clearings, serial_bayou_shore_a
Lair:3:   layout_long_grid, shoals_dummy_entry, dummy_snake_entry,
          lemuel_fruit_fields
Lair:4:   layout_cave_pods, dpeg_slime_entry_enclosed,
          chequers_serial_rivers_micro_a, lemuel_centaur_altar,
          lemuel_fruit_fields, uniq_nessos
Lair:5:   gammafunk_lair_ancient_temple, layout_layer_cave, grunt_megastairs_3
Snake:1:  layout_basic, nicolae_snake_guarding_the_ruins
Snake:2:  layout_layer_cave
Slime:1:  layout_caves, cheibrodos_slime_lost_civilization_7
Slime:2:  layout_caves
Slime:3:  layout_caves, nicolae_slime_barrier
Slime:4:  layout_caves, special_room [special_room_jelly],
          nicolae_slime_welcoming_committee
Slime:5:  slime_pit_nicolae_amoeboid

Skill      XL: |  1  2  3  4  5  6  7  8  9 10 11 12 13 14 15 16 |
---------------+-------------------------------------------------+-----
Maces & Flails | 3 4 5 7 8 9 11 12 13 15 16 | 16.0
Fighting       | 5 7 8 10 11 16 20 21 | 21.3
Armour         | 5 7 8 10 12 16 | 16.0
Shields        | 5 7 8 10 | 10.0
Evocations     | 1 7 8 |  8.0

Action                     |  1- 3 |  4- 6 |  7- 9 | 10-12 | 13-15 | 16-18 || total
---------------------------+-------+-------+-------+-------+-------+-------++-------
  Melee: Flail             |   111 |       |       |       |       |       ||   111
         Morningstar       |    27 |    51 |    99 |   761 |  1581 |   160 ||  2679
         Whip              |       |    27 |   121 |       |       |       ||   148
         Kick              |       |       |       |    79 |   193 |       ||   272
    Use: Scroll            |    10 |       |       |     3 |    12 |       ||    25
         Potion            |       |       |     1 |     2 |     3 |     2 ||     8
   Stab: Petrified         |       |       |       |     6 |     2 |       ||     8
         Sleeping          |       |       |       |     1 |    30 |     8 ||    39
         Distracted        |       |       |       |     1 |     3 |       ||     4
 Armour: Scale mail        |   117 |    60 |   127 |       |       |       ||   304
         Plate armour      |       |       |       |   518 |       |       ||   518
         Shadow dragon sca |       |       |       |   182 |  1343 |   194 ||  1719
  Dodge: Dodged            |    71 |    30 |    84 |   224 |   597 |    50 ||  1056
  Block: Buckler           |    28 |    10 |    58 |   226 |   620 |    59 ||  1001

Table legend: (Time is in decaauts)
 A = Elapsed time spent in this place.
 B = Non-inter-level travel time spent in this place.
 C = Inter-level travel time spent in this place.
 D = Time resting spent in this place.
 E = Time spent auto-exploring this place.
 F = Levels seen in this place.
 G = Mean time per level.
                   A        B        C        D        E       F      G
               +--------+--------+--------+--------+--------+-----+--------+
         Total |  20768 |  19691 |   1077 |      5 |  13956 |  31 |  669.9 |
       Dungeon |  11251 |  10629 |    622 |      0 |   7839 |  15 |  750.1 |
          Lair |   4883 |   4585 |    298 |      0 |   3167 |   5 |  976.6 |
     Snake Pit |   1379 |   1345 |     34 |      0 |   1064 |   2 |  689.5 |
    Slime Pits |   1809 |   1687 |    122 |      0 |   1543 |   5 |  361.8 |
         Abyss |    503 |    503 |      0 |      0 |     36 |   2 |  251.5 |
        Bailey |    340 |    340 |      0 |      5 |     24 |   1 |  340.0 |
      Gauntlet |    600 |    600 |      0 |      0 |    282 |   1 |  600.0 |
               +--------+--------+--------+--------+--------+-----+--------+

Top non-repeatable levels by time:
 Snake:1: 1359 daAuts
  Lair:4: 1222 daAuts
  Lair:5: 1160 daAuts
    D:10: 1039 daAuts
     D:8: 1013 daAuts
     D:9: 993 daAuts
  Lair:1: 939 daAuts
    D:14: 891 daAuts
  Lair:3: 878 daAuts
    D:11: 842 daAuts
     D:1: 816 daAuts
     D:7: 746 daAuts
    D:12: 719 daAuts
  Lair:2: 682 daAuts
     D:3: 634 daAuts
